 Dungeon Crawl Stone Soup version 0.31.0-11-ge490571c62 (webtiles) character file.

Game seed: 8636429240330678856

1031 qw the Skirmisher (level 8, -8/36 (40) HPs)
             Began as a Spriggan Hunter on Feb 3, 2024.
             Mangled by a wight
             ... wielding a +3 scimitar
              (16 damage)
             ... on level 6 of the Dungeon.
             The game lasted 00:00:17 (3494 turns).

qw the Skirmisher (Spriggan Hunter)                 Turns: 3494, Time: 00:00:18

HP:   -8/36 (40)    AC:  2    Str:  7    XL:     8   Next: 3%
MP:   0/9           EV: 24    Int: 11    God:
Gold: 232           SH:  0    Dex: 20    Spells: 7/7 levels left

rFire   . . .        a - +1 shortbow
rCold   . . .        (shield currently unavailable)
rNeg    + . .        c - +0 robe
rPois   .            (helmet restricted)
rElec   .            (no cloak)
rCorr   .            (gloves unavailable)
SInv    +            (boots unavailable)
Will    +....        d - amulet of guardian spirit
Stlth   ++           f - ring of positive energy
HPRegen 0.26/turn    (no ring)
MPRegen 0.11/turn

%: guardian spirit
@: about to teleport, heavily drained, very quick
A: very small, no large weapons, unfitting armour, see invisible, speed 3
a: no special abilities


You were on level 6 of the Dungeon.
You visited 2 branches of the dungeon, and saw 7 of its levels.

You collected 232 gold pieces.


Innate Abilities, Weirdness & Mutations

You are very small and have problems with some larger weapons.
You are too small for most types of armour.
You have supernaturally acute eyesight. (SInv)
You cover ground extremely quickly. (Speed+++)


   Skills:
 - Level 3.3 Fighting
 - Level 10.1 Ranged Weapons
 + Level 9.1 Dodging
 - Level 1.5 Stealth


You had 7 spell levels left.
You didn't know any spells.
Your spell library was empty.

Inventory:

Hand Weapons
 a - a +1 shortbow (weapon)
Armour
 c - a +0 robe (worn)
Jewellery
 d - an amulet of guardian spirit (around neck)
 f - a ring of positive energy (left hand)
 m - a ring of fire
 o - a ring of ice
Scrolls
 g - a scroll of noise {unknown}
 n - 2 scrolls of teleportation
Potions
 e - a potion of enlightenment {unknown}
 j - a potion of resistance
 k - a potion of haste
 l - a potion of lignification {unknown}

Dungeon Overview and Level Annotations

Branches:
Dungeon (6/15)             Temple (1/1) D:5

Altars:
Ashenzari
Cheibriados
Dithmenos
Fedhas
Hepliaklqana
Kikubaaqudgha
Qazlal
Ru
Sif Muna
Trog
Uskayaw
Vehumet
Wu Jian


Message History

The orc is moderately wounded.
You shoot an arrow. The arrow hits the orc!
You kill the orc!
A wight comes into view. It is wielding a +3 long sword.
You shoot an arrow.
The arrow hits the wight but does no damage.
You shoot an arrow. The arrow closely misses the wight.
You shoot an arrow. The arrow closely misses the wight.
You shoot an arrow. The arrow barely misses the wight.
You shoot an arrow. The arrow hits the wight!
The wight is heavily damaged.
You shoot an arrow. The arrow hits the wight.
The wight is severely damaged.
You shoot an arrow. The arrow hits the wight.
You destroy the wight!
A wight comes into view. It is wielding a +5 falchion.
You shoot an arrow. The arrow hits the wight!
The wight is severely damaged.
A wight comes into view.
It is wielding a +4 scimitar of freezing.
You shoot an arrow. The arrow hits the wight!
You destroy the wight!
Your Dodging skill increases to level 9!
You have reached level 8!
You shoot an arrow. The arrow hits the wight!
The wight is severely damaged.
You shoot an arrow. The arrow closely misses the wight.
You shoot an arrow. The arrow barely misses the wight.
You shoot an arrow. The arrow closely misses the wight.
You shoot an arrow. The arrow hits the wight.
The wight is severely damaged.
You shoot an arrow. The arrow hits the wight.
The wight is almost destroyed.
The wight hits you with a +4 scimitar of freezing!
You partially resist.
You feel drained. The wight freezes you! The wight hits you with a +3 scimitar!
You partially resist.
You feel drained.
3494 ||| READING 3 scrolls of teleportation.
As you read the scroll of teleportation, it crumbles to dust.
You feel strangely unstable. The wight barely misses you.
The wight hits you with a +3 scimitar!
You die...

###.# ## .# .#
.# '# ######
.## #....##..
..# #......?.
..# #@.......
..#
......zz...##..
###
#....).....#
######
#............
.....+
.....##....##..
.....# #..).
#....# . .....#
#..) #)...#
###### #...
...... #


You could see 2 wights.

Vanquished Creatures
  A black bear (D:5)
  2 ogres (D:5)
  2 scorpions
  3 wights (D:6)
  4 bombardier beetles
  A hound (D:4)
  An orc priest (D:5)
  Terence (D:2)
  2 orc wizards
  3 gnolls (D:4)
  7 adders
  2 white imps
  2 ribbon worms (D:2)
  A dart slug (D:1)
  10 orcs
  7 endoplasms
  3 giant cockroaches
  4 hobgoblins
  3 jackals (D:3)
  3 quokkas
  3 ball pythons
  5 bats
  5 frilled lizards
  6 goblins
  11 kobolds
  3 rats
95 creatures vanquished.

Notes
Turn   | Place    | Note
-------+----------+-------------------------------------------
     0 | D:1      | qw the Spriggan Hunter began the quest for the Orb.
     0 | D:1      | Reached XP level 1. HP: 10/10 MP: 2/2
     0 | D:1      | 0 ||| qw: Version: 0.3-a-155-g5e7d8dd
     0 | D:1      | 0 ||| qw: Game counter: 3172
     0 | D:1      | 0 ||| qw: Melee chars always use a shield: true
     0 | D:1      | 0 ||| qw: God list: Okawaru
     0 | D:1      | 0 ||| qw: Allow faded altars: false
     0 | D:1      | 0 ||| qw: Do Orc after clearing Dungeon:15 true
     0 | D:1      | 0 ||| qw: Do second Lair branch before Depths: true
     0 | D:1      | 0 ||| qw: Lair rune preference: random
     0 | D:1      | 0 ||| qw: Goals: Normal
     0 | D:1      | 0 ||| PLANNING D:1-11
    34 | D:1      | Reached skill level 3 in Dodging
   198 | D:1      | Reached XP level 2. HP: 14/14 MP: 3/3
   639 | D:1      | 639 ||| UPGRADING to ring of positive energy.
   640 | D:1      | 640 ||| READING 2 scrolls labelled CEGONO MESAE.
   640 | D:1      | 640 ||| IDENTIFYING dark potion
   641 | D:1      | 641 ||| READING scroll of identify.
   641 | D:1      | 641 ||| IDENTIFYING metallic green potion
   642 | D:1      | 642 ||| DRINKING potion of experience.
   642 | D:1      | Reached skill level 10 in Ranged Weapons
   642 | D:1      | Reached XP level 3. HP: 18/18 MP: 4/4
   643 | D:1      | 643 ||| READING scroll labelled MEUTEO ANYPONG.
   644 | D:1      | 644 ||| READING scroll labelled XESSUSKULAMNE.
   645 | D:1      | 645 ||| READING scroll labelled HIDO JAGUS.
   650 | D:1      | 650 ||| DROPPING scroll of butterflies.
   651 | D:1      | 651 ||| DROPPING potion of attraction.
   723 | D:2      | Reached XP level 4. HP: 22/22 MP: 5/5
   873 | D:2      | Noticed Terence
   876 | D:2      | Killed Terence
  1579 | D:2      | 1579 ||| DROPPING ring of magical power.
  1580 | D:2      | 1580 ||| READING 3 scrolls of identify.
  1580 | D:2      | 1580 ||| IDENTIFYING cyan potion
  1581 | D:2      | 1581 ||| READING 2 scrolls of identify.
  1581 | D:2      | 1581 ||| IDENTIFYING purple potion
  1582 | D:2      | 1582 ||| READING scroll of identify.
  1582 | D:2      | 1582 ||| IDENTIFYING puce potion
  1583 | D:2      | 1583 ||| READING scroll labelled ROKIVVU HENU.
  1584 | D:2      | 1584 ||| READING scroll labelled AKLAGRIUTO.
  1584 | D:2      | 1584 ||| ENCHANTING +0 shortbow.
  1585 | D:2      | 1585 ||| DRINKING 2 fizzy yellow potions.
  1693 | D:3      | Reached XP level 5. HP: 25/25 MP: 6/6
  1753 | D:3      | Found a faded altar of an unknown god.
  1877 | D:3      | You fall into a shaft and drop 1 floor!
  1937 | D:4      | Found a stormy altar of Qazlal.
  1943 | D:4      | 1943 ||| FLEEEEING.
  2243 | D:4      | Found a radiant altar of Vehumet.
  2334 | D:4      | Reached XP level 6. HP: 30/30 MP: 7/7
  2434 | D:4      | Reached skill level 6 in Dodging
  2496 | D:4      | Found a shimmering blue altar of Sif Muna.
  2496 | D:4      | Found an ancient bone altar of Kikubaaqudgha.
  2750 | D:4      | 2750 ||| READING scroll labelled VUKORE ITYMADD.
  2779 | D:5      | Entered Level 5 of the Dungeon
  2822 | D:5      | Reached XP level 7. HP: 20/35 MP: 8/8
  2900 | D:5      | Reached skill level 3 in Fighting
  2974 | D:5      | 2974 ||| FLEEEEING.
  2975 | D:5      | 2975 ||| FLEEEEING.
  2978 | D:5      | 2978 ||| FLEEEEING.
  2980 | D:5      | 2980 ||| FLEEEEING.
  3112 | D:5      | Found a broken altar of Ashenzari.
  3244 | D:5      | Found a staircase to the Ecumenical Temple.
  3245 | D:5      | 3245 ||| PLANNING TEMPLE
  3245 | D:5      | 3245 ||| UPGRADING to amulet of guardian spirit.
  3250 | D:5      | 3250 ||| READING scroll labelled XUUMOA ZUODOGE.
  3250 | D:5      | 3250 ||| ENCHANTING +1 shortbow.
  3251 | D:5      | 3251 ||| DRINKING 2 bubbling red potions.
  3252 | D:5      | 3252 ||| DRINKING potion of curing.
  3252 | D:5      | 3252 ||| (to cure confusion)
  3253 | D:5      | 3253 ||| DROPPING potion of ambrosia.
  3262 | Temple   | Entered the Ecumenical Temple
  3263 | Temple   | 3263 ||| PLANNING D:1-11
  3440 | D:6      | 3440 ||| FLEEEEING.
  3441 | D:6      | 3441 ||| FLEEEEING.
  3443 | D:6      | 3443 ||| FLEEEEING.
  3457 | D:6      | HP: 9/36 [wight/+4 trident of freezing (5)]
  3458 | D:6      | 3458 ||| READING 4 scrolls of teleportation.
  3458 | D:6      | HP: 4/36 [wight/+4 trident of freezing (3)]
  3459 | D:6      | 3459 ||| DRINKING potion of heal wounds.
  3488 | D:6      | Reached skill level 9 in Dodging
  3488 | D:6      | Reached XP level 8. HP: 40/40 MP: 3/9
  3493 | D:6      | HP: 9/38 [wight/+3 scimitar (8)]
  3494 | D:6      | 3494 ||| READING 3 scrolls of teleportation.
  3494 | D:6      | Mangled by a wight

Levels and vault maps discovered:
D:1:      amcnicky_arrival_abandoned_market, layout_basic,
          grunt_decor_one_mirror
D:2:      layout_basic, uniq_terence
D:3:      layout_rooms, hellmonk_ecumenical_altar_dog_temple
D:4:      layout_gridville, general_overflow_altar, grunt_qazlal_clouds,
          amethyst_overflow_temple_binary, kennysheep_generic_room_8
D:5:      layout_rooms, cheibrodos_ashenzari_chains,
          minmay_temple_entry_poolview
D:6:      layout_gridville
Temple:   hellmonk_temple_beads

Skill      XL: |  1  2  3  4  5  6  7 |
---------------+----------------------+-----
Dodging        | 3 4 5 7 9 |  9.1
Ranged Weapons | 10 | 10.1
Fighting       | 2 3 |  3.3
Stealth        | |  1.5

Action                     |  1- 3 |  4- 6 |  7- 9 || total
---------------------------+-------+-------+-------++-------
   Fire: Shortbow          |    62 |   167 |    86 ||   315
    Use: Scroll            |     5 |     6 |     3 ||    14
         Potion            |     1 |     1 |     3 ||     5
 Armour: Robe              |     2 |     9 |    12 ||    23
  Dodge: Dodged            |     6 |    25 |    24 ||    55

Table legend:
 A = Non-vault XP
 B = Vault XP
 C = Vault XP percentage of total XP
 D = Non-vault monster count
 E = Vault monster count
 F = Vault count percentage of total count
                 A         B        C        D         E       F
            +---------+---------+-------+---------+---------+-------
      Total |    1364 |      57 |   4.0 |      89 |       6 |   6.3
            +---------+---------+-------+---------+---------+-------
        D:1 |      37 |       0 |   0.0 |      23 |       0 |   0.0
        D:2 |      38 |      36 |  48.6 |      13 |       1 |   7.1
        D:3 |      39 |       6 |  13.3 |      11 |       3 |  21.4
        D:4 |     247 |      15 |   5.7 |      16 |       2 |  11.1
        D:5 |     724 |       0 |   0.0 |      19 |       0 |   0.0
        D:6 |     279 |       0 |   0.0 |       7 |       0 |   0.0
            +---------+---------+-------+---------+---------+-------
